Map: Rhoskallian LE

Players

VanesaKawaii

  • Race: Protoss Protoss
  • Spawn Location: 12:00

kingsingh

  • Race: Protoss Protoss
  • Spawn Location: 11:00

MattBarry - Winner!

  • Race: Terran Terran
  • League: Gold
  • Spawn Location: 6:00

MattBarry - Winner!

  • Race: Zerg Zerg
  • Spawn Location: 5:00

VOD

Have the link to the VOD?

Description

Time

  • Played on: Jan. 14, 2023, 9:42 p.m.
  • Length: 17:30
Show
View Real Time Build Order
Export as new Build Order

VanesaKawaii Protoss 

Build Orders: Double Forge 

Get SALT Encoding   

  12  0:02  Probe  
  13  0:14  Probe  
  14  0:33  Probe  
  15  0:37  Pylon  
  15  0:46  Assimilator  
  15  0:56  Probe  
  16  1:02  Gateway  
  16  1:08  Probe (Chrono Boost)  
  17  1:11  Forge  
  17  1:20  Probe (Chrono Boost)  
  17  1:23  Pylon  
  18  1:28  Probe (Chrono Boost)  
  19  1:40  Probe  
  20  1:48  Gateway  
  20  1:52  Probe  
  21  1:57  Forge  
  21  2:00  Zealot  
  23  2:05  Probe  
  24  2:20  Cybernetics Core  
  24  2:25  Assimilator  
  24  2:26  Probe  
  25  2:38  Probe  
  25  2:40  Zealot  
  27  2:50  Probe  
  26  3:02  Probe  
  26  3:14  Probe  
  27  3:27  Probe  
  27  3:36  Stalker  
  27  3:38  Warp Gate  
  27  3:39  Probe  
  30  4:07  Pylon  
  30  4:22  Pylon  
  30  4:24  Stalker x2  
  34  4:37  Probe  
  35  4:49  Probe  
  36  4:54  Stalker x2  
  40  5:01  Probe, Nexus  
  41  5:13  Probe  
  42  5:25  Probe  
  43  5:30  Gateway  
  43  5:34  Twilight Council  
  43  5:52  Pylon  
  41  6:36  Stalker  
  41  6:37  Stalker  
  32  7:03  Stalker  
  32  7:04  Stalker  
  32  7:15  Stargate  
  32  7:40  Stalker  
  32  7:42  Stalker  
  22  7:45  Probe (Chrono Boost)  
  19  7:56  Probe (Chrono Boost)  
  18  8:01  Probe (Chrono Boost)  
  17  8:12  Probe  
  18  8:16  Stargate  
  22  8:20  Void Ray  
  22  8:24  Probe (Chrono Boost)  
  23  8:28  Fleet Beacon  
  23  8:36  Probe (Chrono Boost)  
  24  8:42  Probe (Chrono Boost)  
  25  8:50  Probe  
  25  8:51  Stalker x2  
  30  9:02  Probe  
  31  9:32  Nexus  
  35  9:40  Probe  
  35  9:42  Void Ray  
  36  9:52  Probe  
  37  9:55  Pylon  
  37  10:04  Probe  
  37  10:05  Pylon  
  38  10:12  Flux Vanes  
  38  10:16  Probe  
  39  10:28  Probe  
  39  10:46  Probe  
  39  10:47  Probe  
  39  10:49  Void Ray  
  45  10:58  Probe  
  50  11:14  Probe (Chrono Boost)  
  50  11:16  Probe (Chrono Boost)  
  52  11:25  Probe (Chrono Boost)  
  54  11:26  Probe (Chrono Boost)  
  55  11:33  Oracle (Chrono Boost)  
  55  11:38  Probe  
  55  11:39  Probe  
  55  11:48  Assimilator x2  
  55  11:50  Probe  
  55  11:51  Probe  
  61  12:02  Void Ray (Chrono Boost)  
  61  12:03  Probe x2  
  67  12:23  Void Ray  
  55  12:58  Probe  
  55  12:59  Probe  
  65  13:07  Void Ray (Chrono Boost)  
  65  13:08  Void Ray (Chrono Boost)  
  65  13:11  Stargate  
  65  13:25  Protoss Air Weapons Level 1  
  73  13:43  Void Ray x2 (Chrono Boost)  
  73  13:49  Templar Archives  
  77  13:58  Void Ray (Chrono Boost)  
  77  14:12  Pylon  
  77  14:16  Pylon  
  77  14:24  Psionic Storm  
  77  14:43  High Templar x2  
  81  14:48  Pylon  
  81  14:50  Gateway  
  81  14:52  Gateway  
  93  15:04  Void Ray  
  93  15:05  Void Ray x2  
  90  15:33  Protoss Air Armor Level 1  
  90  16:02  Void Ray x2 (Chrono Boost)  
  90  16:03  Void Ray (Chrono Boost)  
  90  16:06  High Templar x4  
  90  16:56  High Templar x3  
  90  16:57  High Templar  
  96  17:21  Archon x2  
Show
View Real Time Build Order
Export as new Build Order

kingsingh Protoss 

Build Orders: Carriers 

Get SALT Encoding   

  12  0:05  Probe (Chrono Boost)  
  14  0:15  Probe (Chrono Boost)  
  14  0:20  Probe (Chrono Boost)  
  15  0:30  Pylon  
  15  0:48  Probe  
  16  0:50  Gateway  
  16  0:54  Forge  
  16  1:14  Probe  
  17  1:29  Photon Cannon  
  17  1:35  Probe  
  18  1:51  Probe, Nexus  
  19  1:55  Assimilator  
  19  2:00  Assimilator  
  19  2:12  Pylon  
  19  2:18  Probe (Chrono Boost)  
  20  2:28  Probe (Chrono Boost)  
  21  2:35  Probe  
  22  2:51  Pylon  
  22  3:08  Nexus  
  22  3:11  Probe (Chrono Boost)  
  22  3:12  Cybernetics Core  
  23  3:23  Probe (Chrono Boost)  
  25  3:30  Probe (Chrono Boost)  
  25  3:32  Probe (Chrono Boost)  
  26  3:38  Probe (Chrono Boost)  
  28  3:44  Probe (Chrono Boost)  
  28  3:45  Probe (Chrono Boost)  
  28  3:47  Stalker (Chrono Boost)  
  29  3:51  Probe x2  
  33  4:03  Probe  
  33  4:04  Probe  
  35  4:10  Pylon  
  35  4:11  Pylon  
  35  4:14  Pylon  
  35  4:15  Probe (Chrono Boost)  
  37  4:21  Probe (Chrono Boost)  
  37  4:23  Probe (Chrono Boost)  
  38  4:26  Probe (Chrono Boost)  
  40  4:31  Probe (Chrono Boost)  
  40  4:33  Probe (Chrono Boost)  
  40  4:34  Stargate x2  
  40  4:36  Probe (Chrono Boost)  
  42  4:43  Photon Cannon  
  43  4:47  Probe (Chrono Boost)  
  43  4:51  Probe (Chrono Boost)  
  43  4:52  Probe (Chrono Boost)  
  45  5:01  Assimilator  
  45  5:02  Probe (Chrono Boost)  
  45  5:04  Probe (Chrono Boost)  
  45  5:05  Assimilator  
  47  5:07  Probe (Chrono Boost)  
  47  5:12  Pylon, Probe  
  49  5:14  Robotics Facility  
  49  5:18  Pylon  
  49  5:19  Photon Cannon  
  49  5:20  Photon Cannon  
  49  5:34  Probe (Chrono Boost)  
  50  5:39  Probe (Chrono Boost)  
  50  5:40  Assimilator  
  51  5:44  Probe (Chrono Boost)  
  51  5:45  Photon Cannon  
  51  5:47  Probe (Chrono Boost)  
  53  5:50  Probe (Chrono Boost)  
  53  5:52  Probe (Chrono Boost)  
  53  5:53  Fleet Beacon  
  55  5:57  Pylon  
  55  6:03  Probe (Chrono Boost)  
  57  6:06  Probe (Chrono Boost)  
  57  6:11  Observer, Probe (Chrono Boost)  
  59  6:14  Photon Cannon  
  59  6:15  Photon Cannon  
  59  6:17  Shield Battery  
  59  6:18  Probe  
  68  6:26  Void Ray (Chrono Boost)  
  68  6:27  Stargate, Void Ray (Chrono Boost)  
  68  6:30  Probe (Chrono Boost)  
  68  6:31  Assimilator  
  70  6:32  Observer  
  71  6:41  Probe (Chrono Boost)  
  71  6:43  Stargate  
  71  6:44  Pylon  
  71  6:45  Probe (Chrono Boost)  
  72  6:56  Probe  
  72  6:57  Stargate  
  77  7:08  Probe  
  77  7:09  Carrier, Tempest  
  89  7:20  Probe  
  85  7:35  Carrier x2  
  97  7:45  Probe (Chrono Boost)  
  97  7:50  Nexus  
  98  7:55  Probe (Chrono Boost)  
  99  8:00  Probe (Chrono Boost)  
  100  8:12  Tempest  
  105  8:14  Pylon, Tempest  
  106  8:32  Tempest  
  111  8:41  Probe (Chrono Boost)  
  112  8:51  Probe (Chrono Boost)  
  112  8:54  Assimilator  
  109  8:56  Probe (Chrono Boost)  
  109  8:57  Assimilator  
  109  9:00  Tempest  
  109  9:01  Tempest x3  
  130  9:07  Pylon, Probe  
  130  9:08  Pylon  
  131  9:10  Pylon  
  131  9:26  Pylon  
  131  9:27  Pylon  
  131  9:29  Pylon x2  
  131  9:36  Pylon  
  131  9:37  Pylon  
  131  9:43  Probe (Chrono Boost)  
  132  9:51  Gateway  
  133  9:52  Gateway, Probe (Chrono Boost)  
  133  9:53  Gateway  
  133  9:56  Forge  
  133  9:57  Probe (Chrono Boost)  
  134  10:00  Pylon  
  134  10:07  Carrier x4  
  134  10:09  Probe  
  159  10:20  Nexus  
  153  10:43  Photon Cannon  
  153  10:45  Photon Cannon  
  153  10:49  Photon Cannon  
  153  10:50  Photon Cannon  
  153  10:54  Photon Cannon  
  153  10:55  Cybernetics Core  
  153  10:57  Photon Cannon  
  149  11:10  Nexus  
  148  11:13  Pylon x2  
  143  11:27  Carrier x3 (Chrono Boost)  
  156  11:42  Probe  
  153  11:54  Probe  
  107  12:58  Carrier x2 (Chrono Boost)  
  110  13:08  Carrier x2 (Chrono Boost)  
  110  13:09  Carrier (Chrono Boost)  
  110  13:29  Assimilator  
  112  14:02  Carrier (Chrono Boost)  
  110  14:06  Carrier x2 (Chrono Boost)  
  121  14:34  Robotics Facility  
  121  14:51  Carrier (Chrono Boost)  
  37  16:53  Nexus  
Show
View Real Time Build Order
Export as new Build Order

MattBarry Terran - Winner!

Build Orders: Gas First Reaper Expand 

Get SALT Encoding   

  12  0:00  SCV  
  13  0:12  SCV  
  14  0:20  Supply Depot  
  14  0:25  SCV  
  15  0:33  Refinery  
  15  0:42  SCV  
  16  0:51  Barracks  
  16  0:54  SCV  
  17  1:06  SCV  
  18  1:18  SCV  
  19  1:22  Supply Depot  
  19  1:38  Orbital Command  
  19  1:39  Reaper  
  20  1:55  Command Center  
  20  2:04  SCV  
  21  2:12  Factory, Barracks Reactor  
  21  2:16  SCV  
  21  2:21  Refinery  
  22  2:28  SCV  
  23  2:59  SCV  
  24  3:12  SCV  
  25  3:24  SCV  
  26  3:40  Orbital Command  
  26  3:45  Factory  
  26  3:48  SCV  
  26  3:52  Engineering Bay  
  26  3:54  Hellion x2  
  31  3:56  Supply Depot, Barracks Tech Lab  
  31  4:00  Orbital Command, SCV  
  32  4:05  Starport  
  32  4:13  SCV  
  32  4:15  Hellion x2  
  37  4:32  SCV  
  38  4:39  SCV  
  38  4:44  SCV  
  40  4:51  SCV  
  41  4:56  SCV, Siege Tank  
  45  5:00  Hellion x2  
  45  5:03  SCV  
  45  5:07  Supply Depot x2  
  50  5:08  SCV  
  51  5:15  SCV  
  51  5:17  Refinery  
  51  5:18  Refinery  
  51  5:20  SCV  
  51  5:21  Command Center  
  53  5:22  Starport Reactor  
  53  5:27  SCV  
  57  5:28  Siege Tank  
  57  5:32  SCV  
  57  5:33  Supply Depot  
  58  5:40  Armory  
  58  5:41  Infernal Pre-Igniter  
  58  5:47  SCV x2, Hellion x2  
  64  5:51  Supply Depot  
  64  5:59  SCV x2  
  64  6:01  Siege Tank  
  69  6:28  Widow Mine x2  
  73  6:33  Siege Tank  
  70  7:01  Liberator x2  
  70  7:05  Orbital Command  
  70  7:08  Terran Vehicle Weapons Level 1, Command Center  
  76  7:21  Widow Mine  
  76  7:22  Widow Mine, Siege Tank  
  77  7:44  Widow Mine x2  
  81  7:48  Viking x2  
  85  7:54  Supply Depot, Siege Tank  
  85  7:55  Supply Depot  
  88  8:09  Widow Mine x2  
  79  8:36  Orbital Command  
  62  9:10  Starport  
  62  9:11  Starport  
  62  9:13  Armory  
  62  9:16  Armory  
  56  9:17  Orbital Command  
  56  9:18  SCV x2  
  55  9:25  Terran Vehicle Weapons Level 2, Orbital Command  
  55  9:29  Viking x2  
  55  9:30  SCV x2  
  61  9:59  SCV x2  
  63  10:00  SCV x2  
  63  10:04  Starport Reactor x2  
  65  10:27  Refinery x2  
  65  10:37  Command Center  
  65  10:41  Terran Ship Weapons Level 1, Terran Vehicle And Ship Armor Level 1  
  65  10:42  Viking x2  
  65  10:43  Viking x4  
  77  10:51  SCV x2  
  77  10:52  SCV x2  
  81  11:03  SCV  
  81  11:04  SCV  
  83  11:10  Widow Mine x2  
  87  11:12  Viking x2  
  87  11:13  Viking x2  
  87  11:14  Viking x2  
  99  11:53  Viking  
  99  11:54  Viking x5  
  85  12:42  Viking x3  
  85  12:43  Viking x3  
  85  13:01  Planetary Fortress  
  85  13:03  SCV x3  
  85  13:04  SCV  
  87  13:12  Viking x2  
  91  13:15  SCV x2  
  91  13:16  SCV  
  94  13:23  Viking x4  
  102  13:32  Widow Mine x3  
  105  13:42  Viking x2, Refinery  
  105  13:43  Refinery  
  109  13:50  Terran Vehicle And Ship Armor Level 2, Terran Ship Weapons Level 2  
  109  13:53  Widow Mine, Viking x4  
  119  14:12  Viking x2  
  119  14:16  SCV x4  
  127  14:23  Viking x3  
  133  14:39  Viking  
  133  14:42  Viking x2  
  139  14:53  Viking x2  
  125  15:56  Viking x2  
  125  15:57  Viking x4  
  137  16:19  Supply Depot  
  137  16:20  Supply Depot  
  137  16:21  Supply Depot  
  137  16:22  Supply Depot  
  137  16:23  Supply Depot  
  137  16:27  Command Center  
  137  16:30  Viking x3  
  137  16:31  Viking x2  
  147  16:41  Viking  
  149  17:00  Supply Depot x2, SCV x2  
Show
View Real Time Build Order
Export as new Build Order

MattBarry Zerg - Winner!

Build Orders: Pool First 

Get SALT Encoding   

  12  0:00  Drone  
  13  0:15  Overlord  
  13  0:18  Drone  
  14  0:31  Extractor  
  14  0:33  Drone  
  14  0:34  Drone  
  15  0:49  Spawning Pool  
  14  0:56  Drone  
  15  0:58  Drone  
  15  1:01  Drone  
  17  1:15  Drone  
  18  1:22  Drone  
  19  1:33  Drone  
  19  1:36  Queen  
  22  1:45  Metabolic Boost  
  22  1:54  Hatchery  
  21  2:04  Drone  
  21  2:05  Overlord  
  22  2:14  Evolution Chamber  
  21  2:16  Overlord  
  21  2:21  Overlord  
  21  2:28  Zergling x2  
  22  2:41  Zergling x2  
  23  2:51  Zergling x6  
  25  2:53  Zerg Melee Weapons Level 1  
  26  3:10  Zergling x2  
  26  3:11  Zergling x2  
  28  3:17  Queen  
  28  3:19  Drone  
  29  3:38  Drone x2  
  31  3:50  Roach Warren  
  30  4:13  Drone  
  30  4:14  Drone x2  
  30  4:16  Drone x3  
  36  4:22  Overlord  
  36  4:24  Hatchery  
  35  4:37  Roach  
  35  4:38  Roach x3  
  43  4:39  Overlord  
  43  4:47  Overlord  
  43  4:53  Roach x2  
  43  4:54  Roach x2  
  51  5:02  Lair  
  51  5:08  Extractor  
  50  5:34  Drone x2  
  50  5:35  Drone x3  
  55  6:00  Queen  
  55  6:01  Drone  
  55  6:02  Drone x9  
  67  6:09  Extractor  
  67  6:10  Extractor  
  63  6:37  Zergling x2  
  63  6:38  Zergling x20  
  71  7:01  Roach  
  71  7:03  Overlord x3  
  54  7:41  Hydralisk Den  
  54  7:42  Zerg Missile Weapons Level 1  
  50  7:47  Zergling x2  
  50  7:48  Zergling x14  
  53  8:08  Evolution Chamber  
  52  8:47  Hydralisk x7  
  66  9:00  Spore Crawler  
  65  9:03  Spore Crawler  
  54  9:18  Spore Crawler, Hydralisk x4  
  54  9:19  Hydralisk  
  63  9:36  Zerg Ground Armor Level 1  
  63  9:42  Grooved Spines  
  63  9:53  Zergling x8  
  63  9:54  Zergling x4  
  69  10:58  Infestation Pit  
  69  11:00  Muscular Augments  
  69  11:01  Zerg Missile Weapons Level 2  
  68  11:09  Hydralisk, Overlord x2  
  68  11:10  Hydralisk x11  
  88  11:53  Hydralisk x5  
  88  11:54  Hydralisk x2  
  98  11:59  Hydralisk, Overlord x2  
  92  12:36  Hydralisk  
  92  12:37  Hydralisk x8  
  92  12:53  Hive  
  92  13:12  Zergling x22  
  103  14:17  Zergling x2  
  103  14:18  Zergling x34  
  121  14:58  Adrenal Glands  
  121  15:10  Overlord x2  
  71  15:28  Hydralisk  
  71  15:29  Hydralisk x11  
  62  15:52  Hydralisk  
  62  15:53  Hydralisk x11  
  86  16:07  Hydralisk x6  
  98  16:31  Zergling x8  
  98  16:32  Zergling x10  
  107  17:02  Zergling x2  
  107  17:03  Zergling x20  
Tags
 
Add a new tag
Caveats
  • Supply blocks, unpowered buildings, or Contaminate may cause inaccurate times.
  • Supply counts are checked every 10 seconds.